 Dungeon Crawl Stone Soup version 0.19.0-22-gd96e5fe (webtiles) character file.

1261 DeXoteric the Spear-Bearer (level 8, -6/58 HPs)
             Began as a Vine Stalker Wanderer on Nov 18, 2016.
             Mangled by an iguana (7 damage)
             ... on level 5 of the Dungeon on Nov 19, 2016.
             The game lasted 00:18:42 (4907 turns).

DeXoteric the Spear-Bearer (Vine Stalker Wanderer)  Turns: 4907, Time: 00:18:43

Health: -6/58      AC: 24    Str: 22    XL:     8   Next: 52%
Magic:  0/9        EV:  2    Int: 10    God:
Gold:   78         SH:  0    Dex: 11    Spells: 0 memorised, 7 levels left

rFire  . . .     SeeInvis .     C - +0 spear (curse)
rCold  . . .     Gourm    .     (armour currently unavailable)
rNeg   + + +     Faith    .     (no shield)
rPois  +         Spirit   +     (helmet currently unavailable)
rElec  .         Reflect  .     (cloak currently unavailable)
rCorr  .         Harm     .     (gloves currently unavailable)
MR     +....     NoTele   +     (boots currently unavailable)
Stlth  +++.......               (no amulet)
                                (no ring)
                                (no ring)

@: tree-form
A: (fangs 0), regeneration 1, magic shield, (antimagic bite), no device heal 3,
rot immunity
a: no special abilities


You were on level 5 of the Dungeon.
You were very hungry.
You were a tree.
You visited 1 branch of the dungeon, and saw 5 of its levels.

You collected 295 gold pieces.
You spent 217 gold pieces at shops.

Inventory:

Hand Weapons
 a - a +2 spear
 C - a cursed +0 spear (weapon)
Armour
 k - a +2 robe of positive energy
 q - a +0 pair of boots (melded)
 u - a +0 cloak (melded)
 v - a +0 helmet (melded)
 y - a +1 robe of resistance (melded)
Jewellery
 A - a +4 ring of intelligence {unknown}
Scrolls
 c - 3 scrolls of teleportation
 m - 4 scrolls of remove curse
 p - 5 scrolls of identify
 r - a scroll of enchant armour {unknown}
 s - 2 scrolls of random uselessness {unknown}
 w - a scroll of blinking
 x - a scroll of recharging {unknown}
Potions
 g - a potion of agility
 h - a potion of berserk rage {unknown}
 i - a potion of mutation {unknown}
 l - a potion of lignification
 n - a potion of ambrosia {unknown}
 t - a potion of heal wounds {unknown}
 z - a potion of curing {unknown}
Comestibles
 f - 7 bread rations
 j - 2 meat rations
 o - a beef jerky
 B - a chunk of flesh


   Skills:
 - Level 2.6 Fighting
 + Level 8.9 Polearms
 - Level 1.0 Throwing
 - Level 6.4 Stealth


You had 7 spell levels left.
You didn't know any spells.

Dungeon Overview and Level Annotations

Branches:
Dungeon (5/15)
 Temple: D:4-7

Altars:

Shops:
D:4 %%?!

Annotations:
D:2 Grinder
D:4 max's ghost, amateur MiBe


Innate Abilities, Weirdness & Mutations

((You have razor-sharp teeth.))
Your natural rate of healing is unusually fast.
When hurt, damage is shared between your health and your magic reserves.
((Your bite disrupts and absorbs the magic of your enemies.))
Potions and wands cannot restore your health.
You are immune to rotting.


Message History

Press: ? - help, Dir - move target cursor, f/p - centaur
Aim: a centaur, wielding a shortbow (moderately wounded)
You reach to attack!
You hit the centaur.
The centaur is heavily wounded.
The centaur shoots an arrow.
The arrow hits you!
* * * LOW HITPOINT WARNING * * *
The centaur shoots an arrow.
The arrow hits you!
* * * LOW HITPOINT WARNING * * *
You see here an arrow.
The centaur shoots an arrow.
The arrow hits you!
* * * LOW HITPOINT WARNING * * *
It was a potion of lignification.
You turn into a tree.
Your +0 cloak melds into your body.
Your +0 helmet melds into your body.
Your +0 pair of boots melds into your body.
Your +1 robe of resistance melds into your body.
You feel hot and cold all over.
Your roots penetrate the ground.
The centaur unwields an uncursed shortbow.
The centaur hits you but does no damage.
The iguana bites you!
You die...

## #.# #. #.. #.# #. #.##
#.# #. ... #.# #.##.###
#.### #...... #.#.##
...####...##########....##
...'....cl................
####.(♣##########....##
##...## #......#.##
#..#..# #.####^### #.###.#
#.# #..# #..#..# #.###..#
##....# #..<...# #
###########.# #####.## #.
#.....# #.# #.######
...#.....# #.# #...%...


You could see a centaur and an iguana.

Vanquished Creatures
  Eustachio (D:5)
  Sigmund (D:5)
  Menkaure (D:5)
  Purgy (D:3)
  An orc warrior (D:2)
  A phantom (D:4)
  A scorpion (D:4)
  An orc priest (D:3)
  A hound (D:4)
  Crazy Yiuf (D:3)
  2 centaur skeletons
  4 worker ants
  A hound skeleton (D:5)
  A howler monkey skeleton (D:4)
  2 gnolls (D:4)
  9 adders
  A shadow imp (D:5)
  2 oozes
  3 adder skeletons
  3 worms
  2 dart slugs
  A leopard gecko (D:4)
  12 orcs
  4 giant cockroaches
  8 goblins
  9 hobgoblins
  13 jackals
  13 kobolds
  2 quokkas
  2 ball pythons
  A ball python skeleton (D:4)
  10 bats
  3 frilled lizards
  A quokka skeleton (D:4)
  4 rats
123 creatures vanquished.

Vanquished Creatures (others)
  A bat (D:3)
1 creature vanquished.

Grand Total: 124 creatures vanquished

Notes
Turn   | Place    | Note
-------+----------+-------------------------------------------
     0 | D:1      | DeXoteric the Vine Stalker Wanderer began the quest for the Orb.
     0 | D:1      | DeXoteric set off with: a +2 spear, a +0 falchion, a scroll of teleportation, a +0 robe, a +0 dagger, a bread ration
     0 | D:1      | Reached XP level 1. HP: 11/11 MP: 2/2
    53 | D:1      | Reached skill level 5 in Stealth
    88 | D:1      | Reached skill level 2 in Polearms
   215 | D:1      | Reached XP level 2. HP: 7/16 MP: 3/3
   856 | D:1      | Reached XP level 3. HP: 19/19 MP: 4/4
  1449 | D:2      | Reached skill level 3 in Polearms
  1449 | D:2      | Gained mutation: Your natural rate of healing is unusually fast. [Vine Stalker growth]
  1449 | D:2      | Reached XP level 4. HP: 10/23 MP: 3/5
  2102 | D:3      | Noticed Grinder
  2242 | D:3      | Reached XP level 5. HP: 27/27 MP: 6/6
  2362 | D:3      | Noticed Purgy
  2424 | D:3      | Noticed an orc warrior
  2579 | D:2      | Killed an orc warrior
  2579 | D:2      | Reached skill level 4 in Polearms
  2579 | D:2      | Reached XP level 6. HP: 14/32 MP: 3/7
  2580 | D:2      | Paralysed by Grinder for 6 turns
  2760 | D:3      | Reached skill level 5 in Polearms
  2838 | D:3      | Killed Purgy
  2906 | D:3      | Found a runed door.
  3003 | D:3      | Noticed Crazy Yiuf
  3009 | D:3      | Killed Crazy Yiuf
  3158 | D:4      | Found Biczauj's Food Shoppe.
  3165 | D:4      | Noticed a phantom
  3207 | D:4      | Killed a phantom
  3207 | D:4      | Reached skill level 6 in Polearms
  3207 | D:4      | Reached XP level 7. HP: 16/35 MP: 4/8
  3354 | D:4      | Found Gyrutim's Magic Scroll Boutique.
  3366 | D:4      | Bought a scroll of blinking for 105 gold pieces
  3366 | D:4      | Bought a scroll of identify for 28 gold pieces
  3366 | D:4      | Bought a scroll of teleportation for 42 gold pieces
  3366 | D:4      | Bought a scroll of remove curse for 42 gold pieces
  3549 | D:4      | Noticed max's ghost (amateur MiBe)
  3742 | D:4      | Found Weannuh's Distillery.
  3813 | D:4      | Found Zuco Huic's Food Shop.
  3846 | D:4      | Reached skill level 7 in Polearms
  4085 | D:5      | Entered Level 5 of the Dungeon
  4390 | D:5      | Noticed Sigmund
  4409 | D:5      | Killed Sigmund
  4409 | D:5      | Reached skill level 8 in Polearms
  4409 | D:5      | Gained mutation: You have razor-sharp teeth. [Vine Stalker growth]
  4409 | D:5      | Reached XP level 8. HP: 14/39 MP: 1/9
  4665 | D:5      | Noticed Eustachio
  4676 | D:5      | Killed Eustachio
  4773 | D:5      | Noticed Menkaure
  4779 | D:5      | Killed Menkaure
  4906 | D:5      | HP: 1/39 [centaur/arrow (9)]
  4907 | D:5      | Mangled by an iguana

Skill      XL: |  1  2  3  4  5  6  7 |
---------------+----------------------+-----
Stealth        | 5 6 |  6.4
Polearms       | 2 3 4 6 8 |  8.9
Fighting       | |  2.6
Throwing       | |  1.0

Action                   |  1- 3 |  4- 6 |  7- 9 || total
-------------------------+-------+-------+-------++-------
Melee: Spear             |    84 |   232 |   202 ||   518
       Bite              |     5 |    53 |    49 ||   107
  Use: Scroll            |     2 |       |       ||     2
       Potion            |       |       |     1 ||     1
 Stab: Sleeping          |     6 |    15 |     6 ||    27
       Distracted        |     1 |     1 |       ||     2
  Eat: Chunk             |     1 |     6 |     5 ||    12
Armor: Robe              |    14 |    51 |    27 ||    92
       Skin              |       |       |     1 ||     1
Dodge: Dodged            |    30 |   105 |    69 ||   204
